AoeStats
← 93老玩家回归

Nomad

510140936Analyzed
4v4 RM · 3d ago on Sep 29, 2026· 51m 7s· 8 players
Game mode
Random Map
Map size
231×231
Population
200
Speed
Normal
Resources
Standard
Victory
Conquest
Starting age
Dark Age
Ending age
Imperial Age
RankedLock teamsTeams togetherTeam positionsShared explorationLock speedFull tech treeHidden civsTurbo modeCheats
Victory
Defeat
🇨🇳 Spanish · China
1613
+8
🇨🇳 Vietnamese · China
1405
+16
🇨🇳 Huns · China
1401
+16
🇨🇳 Italians · China
1383
+17
🇨🇳 Mongols · China
1563
-19
🇨🇳 Wei · China
1534
-19
🇨🇳 Varangians · China
1295
-10
🇨🇳 Franks · China
1264
-9
给你一棒槌
5:10 Loom
13:14 Feudal Age
14:23 Horse Collar
16:52 Castle Age
15:05 Fishing Lines
15:45 Double-Bit Axe
16:15 Gold Mining
17:44 Heavy Plow
17:55 Bow Saw
19:06 Wheelbarrow
18:47 Gillnets
19:41 Stone Mining
22:25 Stone Shaft Mining
26:50 Gold Shaft Mining
29:26 Imperial Age
26:41 Treadmill Crane
27:31 Scale Barding Armor
27:43 Forging
28:48 Chain Barding Armor
29:53 Elite Tiger Cavalry
30:56 Tuntian
32:59 Husbandry
33:17 Bloodlines
35:28 Hand Cart
36:27 Iron Casting
36:56 Fletching
37:59 Thumb Ring
39:06 Parthian Tactics
38:38 Bodkin Arrow
38:45 Padded Archer Armor
39:48 Chemistry
40:21 Bracer
40:37 Leather Archer Armor
41:08 Ballistics
44:24 Ring Archer Armor
44:16 Conscription
46:05 Elite Skirmisher
48:41 Blast Furnace
苏苏
8:40 Loom
16:43 Feudal Age
17:55 Double-Bit Axe
20:48 Fishing Lines
23:44 Castle Age
23:44 Town Watch
25:05 Medium Warships
24:49 Gillnets
25:14 Bow Saw
26:03 Town Patrol
31:56 Fletching
35:38 Imperial Age
34:08 Gold Mining
36:25 Gold Shaft Mining
36:34 Careening
36:37 Clinker Construction
37:32 Stone Mining
38:18 Bodkin Arrow
38:24 Padded Archer Armor
39:53 Chemistry
40:19 Elite Skirmisher
42:51 Leather Archer Armor
45:11 Ballistics
雀巢咖啡
12:42 Feudal Age
11:38 Loom
16:44 Castle Age
14:48 Double-Bit Axe
15:12 Town Watch
15:43 Fishing Lines
16:08 Fletching
16:20 Padded Archer Armor
17:44 Bow Saw
18:00 Bodkin Arrow
19:56 Horse Collar
21:04 Wheelbarrow
22:36 Heavy Plow
26:45 Leather Archer Armor
27:27 Ballistics
29:11 Bloodlines
29:02 Husbandry
29:59 Thumb Ring
35:18 Imperial Age
33:44 Gold Mining
33:47 Stone Mining
34:01 Gillnets
35:32 Gold Shaft Mining
35:34 Stone Shaft Mining
35:26 Hand Cart
36:42 Conscription
37:38 Bracer
38:46 Parthian Tactics
41:19 Chemistry
39:49 Light Cavalry
40:05 Heavy Camel Rider
42:39 Hoardings
42:24 Scale Barding Armor
43:57 Chain Barding Armor
43:47 Forging
47:37 Drill
47:38 Nomads
48:25 Iron Casting
51:03 Masonry
种田使我快乐
4:23 Loom
15:37 Feudal Age
17:48 Double-Bit Axe
20:29 Fletching
20:40 Padded Archer Armor
22:56 Castle Age
23:18 Fishing Lines
24:55 Gillnets
26:47 Horse Collar
35:00 Bow Saw
36:18 Forging
37:08 Scale Barding Armor
40:46 Chain Barding Armor
41:02 Iron Casting
42:06 Wheelbarrow
48:02 Imperial Age
唐火火
2:53 Loom
15:02 Feudal Age
16:15 Fishing Lines
19:18 Castle Age
18:08 Double-Bit Axe
18:15 Stone Mining
18:52 Horse Collar
27:26 Fletching
27:52 Padded Archer Armor
30:08 Ballistics
29:50 Bodkin Arrow
31:20 Gold Mining
32:06 Wheelbarrow
37:05 Imperial Age
35:23 Bow Saw
35:20 Heavy Plow
36:27 Stone Shaft Mining
36:09 Hand Cart
36:47 Scale Mail Armor
36:57 Forging
37:47 Chain Mail Armor
37:56 Squires
37:41 Arson
37:27 Elite Fire Lancer
39:37 Two-Man Saw
39:26 Iron Casting
40:09 Plate Mail Armor
40:36 Paper Money
41:37 Crop Rotation
43:55 Bracer
44:10 Leather Archer Armor
45:01 Chemistry
44:06 Siege Engineers
43:42 Treadmill Crane
43:52 Capped Ram
93老玩家回归
13:59 Feudal Age
17:46 Castle Age
16:09 Gold Mining
16:19 Double-Bit Axe
16:38 Fletching
17:30 Padded Archer Armor
17:46 Fishing Lines
19:55 Wheelbarrow
19:59 Loom
26:03 Bodkin Arrow
27:47 Crossbowman
32:14 Thumb Ring
34:46 Imperial Age
32:51 Treadmill Crane
33:22 Masonry
33:35 Ballistics
33:14 Murder Holes
33:52 Hand Cart
33:22 Town Watch
34:53 Stone Mining
35:51 Conscription
35:18 Elite Genoese Crossbowman
37:13 Chemistry
36:39 Bracer
39:17 Thumb Ring
39:31 Leather Archer Armor
42:59 Ring Archer Armor
42:53 Bow Saw
45:37 Stone Shaft Mining
46:25 Hoardings
Daily
5:07 Loom
13:53 Feudal Age
17:35 Castle Age
16:41 Padded Archer Armor
17:09 Double-Bit Axe
19:27 Leather Archer Armor
21:24 Husbandry
22:31 Bloodlines
27:46 Wheelbarrow
44:48 Imperial Age
44:03 Horse Collar
46:29 Ring Archer Armor
46:41 Bow Saw
46:32 Heavy Plow
46:23 Gold Mining
49:33 Medium Warships
49:40 Medium Warships
民办大A
4:30 Loom
14:02 Feudal Age
18:16 Castle Age
16:25 Double-Bit Axe
17:11 Fletching
17:05 Horse Collar
17:17 Gold Mining
19:12 Bodkin Arrow
19:29 Bow Saw
28:58 Ballistics
29:33 Padded Archer Armor
31:11 Wheelbarrow
33:34 Marauders
33:52 Scale Barding Armor
36:19 Imperial Age
34:32 Hand Cart
34:30 Forging
36:35 Chain Barding Armor
36:58 Bloodlines
36:30 Elite Tarkan
37:13 Husbandry
38:48 Plate Barding Armor
38:50 Iron Casting
38:41 Conscription
45:43 Parthian Tactics
45:24 Thumb Ring
45:22 Bracer
47:08 Chemistry
46:24 Leather Archer Armor
48:52 Blast Furnace
48:30 Gold Shaft Mining
47:51 Light Cavalry
50:26 Gold Shaft Mining
50:50 Heavy Cavalry Archer
Connection lost

Rejoining the realm…

Still unreachable

The connection could not be restored.

Session expired

The server has moved on; the page needs a fresh start.